 Dungeon Crawl Stone Soup version 0.29.1-12-g30fa7ad0bf (webtiles) character file.

Game seed: 17449879185341766498

736 KittyFluff the Covered (level 7, -12/44 HPs)
             Began as a Gargoyle Berserker on Jan 15, 2023.
             Was a Believer of Trog.
             Mangled by an ogre
             ... wielding a +0 giant spiked club
              (30 damage)
             ... on level 6 of the Dungeon.
             The game lasted 00:20:50 (4840 turns).

KittyFluff the Covered (Gargoyle Berserker)         Turns: 4840, Time: 00:20:51

Health: -12/44     AC:  9    Str: 21    XL:     7   Next: 74%
Magic:  7/7        EV: 12    Int:  7    God:    Trog [**....]
Gold:   234        SH:  0    Dex: 11    Spells: 6/6 levels left

rFire   + . .      SeeInvis .   a - +3 mace
rCold   . . .      Faith    .   (no shield)
rNeg    + . .      Spirit   .   D - +0 leather armour "Deem" {+Blink rF+}
rPois   ∞          Reflect  .   c - +0 helmet
rElec   +          Harm     .   (no cloak)
rCorr   +          Rampage  .   (no gloves)
Will    .....                   (no boots)
Stlth   +.........              (no amulet)
HPRegen 0.14/turn               s - ring of resist corrosion
MPRegen 0.10/turn               (no ring)

@: no status effects
A: sickness immunity, AC +4, negative energy resistance 1, electricity
resistance, torment resistance 1, petrification resistance
a: Renounce Religion, Evoke Blink, Berserk, Trog's Hand


You were on level 6 of the Dungeon.
You worshipped Trog.
Trog was pleased with you.
You visited 1 branch of the dungeon, and saw 6 of its levels.

You collected 234 gold pieces.

Inventory:

Hand Weapons
 a - a +3 mace (weapon)
 d - a +0 sling
Missiles
 e - 31 stones (quivered)
 l - a throwing net
 x - 8 poisoned darts
 C - 2 javelins
Armour
 c - a +0 helmet (worn)
 v - a +0 ring mail
 y - a +0 chain mail
 D - the +0 leather armour "Deem" (worn) {+Blink rF+}
   (You found it on level 5 of the Dungeon)

   rF:        It protects you from fire.
   +Blink:    It lets you blink.
Jewellery
 s - a ring of resist corrosion (left hand)
Wands
 w - a wand of digging (2)
Scrolls
 b - a scroll of noise {unknown}
 h - a scroll of fear {unknown}
 i - 4 scrolls of teleportation
 k - 3 scrolls of blinking {unknown}
 m - a scroll of summoning {unknown}
 n - a scroll of immolation {unknown}
 r - 2 scrolls of enchant weapon {unknown}
 t - 2 scrolls of amnesia {unknown}
 u - 2 scrolls of brand weapon {unknown}
 z - 4 scrolls of identify {unknown}
Potions
 f - a potion of brilliance {unknown}
 g - 2 potions of curing {unknown}
 j - 3 potions of heal wounds {unknown}
 p - a potion of might {unknown}
 q - 2 potions of degeneration {unknown}
 A - a potion of cancellation {unknown}
 B - a potion of attraction {unknown}


   Skills:
 + Level 4.9 Fighting
 * Level 5.6 Maces & Flails
 * Level 5.7 Armour
 + Level 3.1 Dodging
 + Level 0.0 Evocations


You had 6 spell levels left.
You didn't know any spells.
Your spell library was empty.

Dungeon Overview and Level Annotations

Branches:
Dungeon (6/15)
 Temple: D:4-7

Altars:
Cheibriados
Elyvilon
Kikubaaqudgha


Innate Abilities, Weirdness & Mutations

You are immune to sickness and miasma.
Your stone body is resilient. (AC +4)
You are immune to poison.
You resist negative energy. (rN+)
You are resistant to electric shocks. (rElec)
You are resistant to unholy torment.
You are immune to petrification.


Message History

You climb upwards.
There is a stone staircase leading down here.
There is an open door here.
You see here a +0 short sword.
There is an open door here.
There is a stone staircase leading down here.
You climb downwards.
Found 2 stones.
There is a stone staircase leading up here.
You climb upwards.
There is a stone staircase leading down here.
There is an open door, spattered with blood here.
You open the door.
There is an open door here.
There is a stone staircase leading down here.
You climb downwards.
There is a stone staircase leading up here.
An ogre comes into view. It is wielding a +0 giant spiked club.
The ogre shouts!
You thump the ogre!
The ogre is moderately wounded.
The ogre closely misses you.
You hit the ogre.
The ogre is heavily wounded.
The ogre completely misses you.
You completely miss the ogre.
The ogre is heavily wounded.
The ogre hits you with a +0 giant spiked club!!
Ouch! That really hurt!
You hit the ogre.
The ogre is severely wounded.
The ogre closely misses you.
Unknown command.
You hit the ogre.
The ogre is severely wounded.
You completely miss the ogre.
The ogre is severely wounded.
The ogre hits you with a +0 giant spiked club!!
Ouch! That really hurt!
You die...

....... .#..#..
...... #.#....
..... #..## #..#
### . ##O# #.#
... #@## #.#
.....##..###<####
............#.#.#
......##..####.##
.....# #..# #.#
....# ##.# #.#
..#. #.####.# . .
#......## .
#..#####.#


You could see an ogre.

Vanquished Creatures
  An ogre (D:4)
  2 necrophages
  A scorpion (D:4)
  2 howler monkeys (D:5)
  A jelly (D:5)
  5 hounds
  An orc wizard (D:3)
  2 iguanas
  5 adders
  A white imp (D:5)
  An ufetubus (D:4)
  3 worms
  A dart slug (D:3)
  8 orcs
  5 endoplasms
  3 giant cockroaches
  4 goblins
  6 hobgoblins
  4 jackals (D:5)
  A quokka (D:2)
  4 ball pythons
  6 bats
  3 frilled lizards
  6 kobolds
  4 rats
80 creatures vanquished.

Notes
Turn   | Place    | Note
-------+----------+-------------------------------------------
     0 | D:1      | KittyFluff the Gargoyle Berserker began the quest for the
                  | Orb.
     0 | D:1      | Reached XP level 1. HP: 14/14 MP: 1/1
    79 | D:1      | Found a faded altar of an unknown god.
   438 | D:1      | Reached XP level 2. HP: 19/19 MP: 2/2
  1240 | D:2      | Reached XP level 3. HP: 23/23 MP: 3/3
  1558 | D:2      | Reached ** piety under Trog
  1568 | D:2      | Found a white marble altar of Elyvilon.
  1716 | D:2      | Reached XP level 4. HP: 28/28 MP: 4/4
  1981 | D:3      | Reached XP level 5. HP: 29/33 MP: 5/5
  2015 | D:3      | You fall into a shaft and drop 1 floor!
  2037 | D:4      | Noticed an ogre
  2043 | D:4      | Killed an ogre
  2312 | D:4      | Reached XP level 6. HP: 28/38 MP: 6/6
  3270 | D:4      | Found a white marble altar of Elyvilon.
  3275 | D:4      | Found an ancient bone altar of Kikubaaqudgha.
  3545 | D:5      | Entered Level 5 of the Dungeon
  3580 | D:5      | Reached skill level 5 in Maces & Flails
  3580 | D:5      | Reached skill level 5 in Armour
  3580 | D:5      | Reached XP level 7. HP: 40/44 MP: 7/7
  4517 | D:5      | Identified the +0 leather armour "Deem" {+Blink rF+}
  4725 | D:6      | Found a snail-covered altar of Cheibriados.
  4840 | D:6      | Mangled by an ogre

Illustrated notes

Levels and vault maps discovered:
D:1:      beargit_arrival_diablo_church, layout_basic,
          ebering_ecumenical_altar_petrified
D:2:      layout_rooms, basic_altar
D:3:      layout_rooms
D:4:      layout_layer_cave, mainiacjoe_overflow_big_doors,
          hangedman_feature_mirror, chequers_serial_rivers_small_3
D:5:      layout_basic
D:6:      layout_layer_cave, nemelex_dance_club_becter, lemuel_tele_altar,
          nicolae_dithmenos_the_darkroom, nicolae_vehumet_radiance,
          minmay_temple_entry_statues_fountains, minmay_misc_feat_chi

Skill      XL: |  1  2  3  4  5  6  7 |
---------------+----------------------+-----
Armour         | 3 4 5 |  5.7
Dodging        | 2 3 |  3.1
Maces & Flails | 4 5 |  5.6
Fighting       | 4 |  4.9

Action                   |  1- 3 |  4- 6 |  7- 9 || total
-------------------------+-------+-------+-------++-------
Melee: Mace              |    94 |    96 |    59 ||   249
       Punch             |       |     1 |       ||     1
Throw: Stone             |       |     1 |       ||     1
Invok: Berserk           |       |     1 |     1 ||     2
  Use: Scroll            |       |       |     1 ||     1
Armor: Animal skin       |    35 |       |       ||    35
       Leather armour    |     4 |    38 |    24 ||    66
Dodge: Dodged            |    79 |    69 |    48 ||   196
